 Dungeon Crawl Stone Soup version 0.30.0-20-g3615ddf2f0 (webtiles) character file.

Game seed: 11562563022376556762

96 qw the Chopper (level 4, -2/28 HPs)
             Began as a Gargoyle Fighter on May 27, 2023.
             Shot with a bolt by an orc warrior (13 damage)
             ... on level 3 of the Dungeon.
             The game lasted 00:01:05 (1963 turns).

qw the Chopper (Gargoyle Fighter)                   Turns: 1963, Time: 00:01:06

Health: -2/28      AC: 12    Str: 27    XL:     4   Next: 67%
Magic:  4/4        EV:  8    Int:  9    God:
Gold:   89         SH:  4    Dex:  9    Spells: 3/3 levels left

rFire   . . .        Y - +0 war axe
rCold   . . .        c - +0 buckler
rNeg    + . .        k - +0 chain mail
rPois   inf          (no helmet)
rElec   +            (no cloak)
rCorr   .            (no gloves)
SInv    .            (no boots)
Will    .....        (no amulet) Stlth
                     h - +6 ring of strength
HPRegen 0.24/turn    (no ring)
MPRegen 0.09/turn

%: no passive effects
@: weak-willed, hasted, very quick
A: sickness immunity, AC +3, negative energy resistance 1, electricity
resistance, torment resistance 1, petrification resistance
a: no special abilities


You were on level 3 of the Dungeon.
You visited 1 branch of the dungeon, and saw 3 of its levels.

You collected 89 gold pieces.


Innate Abilities, Weirdness & Mutations

You are immune to sickness and miasma.
Your stone body is resilient. (AC +3)
You are immune to poison.
You resist negative energy. (rN+)
You are resistant to electric shocks. (rElec)
You are resistant to unholy torment.
You are immune to petrification.


   Skills:
 - Level 3.2 Fighting
 + Level 4.3 Axes
 - Level 3.2 Armour
 - Level 3.2 Shields


You had 3 spell levels left.
You didn't know any spells.
Your spell library was empty.

Inventory:

Hand Weapons
 i - a +0 whip
 Y - a +0 war axe (weapon)
Armour
 c - a +0 buckler (worn)
 k - a +0 chain mail (worn)
Jewellery
 h - a +6 ring of strength (left hand)
Potions
 d - 2 potions of might
 e - a potion of curing {unknown}
 g - a potion of mutation {unknown}
 j - a potion of haste
 l - a potion of invisibility {unknown}

Dungeon Overview and Level Annotations

Branches:
Dungeon (3/15)

Altars:
The Shining One


Message History

Done exploring.
1951 ||| READING scroll labelled NOM IXKOINGO.
As you read the scroll labelled NOM IXKOINGO, it crumbles to dust.
It is a scroll of enchant armour.
Really abort (and waste the scroll)?
Done exploring.
1952 ||| DRINKING 2 lumpy pink potions.
It was a potion of haste.
You feel yourself speed up.
Done exploring.
1953 ||| DROPPING scroll of vulnerability.
You drop a scroll of vulnerability.
Done exploring.
(D) Dungeon
Where to? (* - list waypoints, Enter - D:2, ? - help)
What level of the Dungeon? (default 1, ? - help)
There is a stone staircase leading down here.
You climb downwards.
The orc shouts!
The orc priest shouts!
You hear an angry hiss.
There is a stone staircase leading up here.
There are monsters nearby!
Waypoint 2 assigned to D:3.
A ball python and an orc warrior come into view.
The ball python hisses angrily.
The orc warrior shouts!
The orc priest hits you with a +0 short sword.
The orc warrior unwields a +0 short sword.
The orc warrior wields a +0 arbalest.
The orc warrior shoots a bolt.
The bolt hits you but does no damage.
You barely miss the orc priest. You barely miss the orc.
The orc priest looks satisfied for a moment.
The orc hits you but does no damage.
The orc warrior shoots a bolt.
The bolt completely misses you.
You barely miss the orc priest. You hit the orc.
You kill the orc!
The orc priest calls down the wrath of Beogh upon you.
Beogh smites you!
Ouch! That really hurt!
You closely miss the orc priest. You hit the ball python.
The ball python barely misses you. x2; The orc warrior shoots a bolt.
The bolt hits you!
You die...

## .. .# .#
o#
##########.##
.......<.@o.#
#.#..#####S.#
... ....# .
..#.# ... #
#... ....
...##


You could see an orc warrior, an orc priest and a ball python.

Vanquished Creatures
  3 adders (D:2)
  2 worms (D:2)
  2 dart slugs (D:1)
  2 orcs
  3 ball pythons (D:1)
  6 endoplasms
  A giant cockroach (D:2)
  3 goblins
  8 hobgoblins
  3 jackals (D:1)
  3 quokkas
  5 bats (D:2)
  4 frilled lizards
  2 kobolds (D:1)
  6 rats
53 creatures vanquished.

Notes
Turn   | Place    | Note
-------+----------+-------------------------------------------
     0 | D:1      | qw the Gargoyle Fighter began the quest for the Orb.
     0 | D:1      | Reached XP level 1. HP: 14/14 MP: 1/1
     0 | D:1      | 0 ||| qw: Version: 0.2-a-99-gce666ed
     0 | D:1      | 0 ||| qw: Game counter: 169
     0 | D:1      | 0 ||| qw: Always use a shield: true
     0 | D:1      | 0 ||| qw: God list: Okawaru
     0 | D:1      | 0 ||| qw: Allow faded altars: false
     0 | D:1      | 0 ||| qw: Do Orc after D:15 true
     0 | D:1      | 0 ||| qw: Do second Lair branch before Depths: true
     0 | D:1      | 0 ||| qw: Lair rune preference: random
     0 | D:1      | 0 ||| qw: Plans: Normal, Zot:1-4, God:TSO, Crypt, Tomb,
                  | Pan, Slime:5, Hells, Abyss, Win
     0 | D:1      | 0 ||| PLANNING D:1-11
   116 | D:1      | Reached skill level 2 in Axes
   203 | D:1      | 203 ||| FLEEEEING.
   213 | D:1      | Reached XP level 2. HP: 16/19 MP: 2/2
   616 | D:1      | Reached skill level 3 in Axes
   702 | D:1      | Reached XP level 3. HP: 23/23 MP: 3/3
  1010 | D:1      | 1010 ||| UPGRADING to +0 chain mail.
  1020 | D:1      | 1020 ||| DROPPING +0 scale mail.
  1021 | D:1      | 1021 ||| UPGRADING to +6 ring of strength.
  1022 | D:1      | 1022 ||| READING scroll labelled ANIUTI LUSE.
  1244 | D:2      | Reached XP level 4. HP: 22/28 MP: 4/4
  1269 | D:2      | 1269 ||| Stepping ~*~*~tactically~*~*~ (stealth).
  1298 | D:2      | 1298 ||| DROPPING +0 club.
  1402 | D:2      | Reached skill level 4 in Axes
  1632 | D:2      | Found a glowing golden altar of the Shining One.
  1947 | D:2      | 1947 ||| READING scroll labelled ASUUFENGYP.
  1948 | D:2      | 1948 ||| READING 2 scrolls labelled DIVOQE MELE.
  1949 | D:2      | 1949 ||| READING scroll labelled TONWUD FAIWO.
  1950 | D:2      | 1950 ||| READING scroll labelled SIUWOI HIEN.
  1951 | D:2      | 1951 ||| READING scroll labelled NOM IXKOINGO.
  1952 | D:2      | 1952 ||| DRINKING 2 lumpy pink potions.
  1953 | D:2      | 1953 ||| DROPPING scroll of vulnerability.
  1960 | D:3      | Noticed an orc warrior
  1963 | D:3      | Shot with a bolt by an orc warrior

Levels and vault maps discovered:
D:1:      minmay_arrival_stone_box, layout_basic, grunt_decor_resistance,
          minmay_pentomino_v4
D:2:      layout_loops_cross, basic_altar, grunt_ministairs_5,
          serial_bayou_pond_c
D:3:      layout_loops_ring, mainiacjoe_overflow_tiny_flanked,
          nemelex_xobeh_ov_fountains_minmay, ebering_ghost_rock_garden,
          hellmonk_ecumenical_altar_blasted, grunt_ministairs_12

Skill      XL: |  1  2  3  4 |
---------------+-------------+-----
Axes           | 2 3 4 |  4.3
Fighting       | |  3.2
Armour         | |  3.2
Shields        | |  3.2

Action                     |  1- 3 |  4- 6 || total
---------------------------+-------+-------++-------
  Melee: War axe           |   136 |    66 ||   202
    Use: Scroll            |     1 |     5 ||     6
         Potion            |       |     1 ||     1
 Armour: Scale mail        |    35 |       ||    35
         Chain mail        |    43 |    37 ||    80
  Dodge: Dodged            |    50 |    20 ||    70
  Block: Buckler           |    24 |     7 ||    31

Table legend:
 A = Non-vault XP
 B = Vault XP
 C = Vault XP percentage of total XP
 D = Non-vault monster count
 E = Vault monster count
 F = Vault count percentage of total count
                 A         B        C        D         E       F
            +---------+---------+-------+---------+---------+-------
      Total |     130 |       8 |   5.8 |      48 |       5 |   9.4
            +---------+---------+-------+---------+---------+-------
        D:1 |      44 |       5 |  10.2 |      23 |       3 |  11.5
        D:2 |      83 |       3 |   3.5 |      24 |       2 |   7.7
        D:3 |       3 |       0 |   0.0 |       1 |       0 |   0.0
            +---------+---------+-------+---------+---------+-------
